 Dungeon Crawl Stone Soup version 0.22-a0-422-g9628fc8 (webtiles) character file.

356 Jynxie the Digger (level 6, -4/55 HPs)
             Began as a Gargoyle Earth Elementalist on May 19, 2018.
             Slain by an orc warrior
             ... wielding a +0 glaive
              (10 damage)
             ... on level 2 of the Dungeon.
             The game lasted 00:26:26 (3375 turns).

Jynxie the Digger (Gargoyle Earth Elementalist)     Turns: 3375, Time: 00:26:26

Health: -4/55      AC: 23    Str: 11    XL:     6   Next: 63%
Magic:  0/11       EV:  2    Int: 23    God:
Gold:   105        SH:  0    Dex: 10    Spells: 8/12 levels left

rFire    . . .     SeeInvis .   g - +3 spear (pierce)
rCold    . . .     Gourm    .   (no shield)
rNeg     + + +     Faith    .   (armour currently unavailable)
rPois    ∞         Spirit   .   (helmet currently unavailable)
rElec    .         Reflect  .   (cloak currently unavailable)
rCorr    .         Harm     .   (gloves currently unavailable)
MR       .....     NoTele   +   (boots currently unavailable)
Stlth    ++........             (no amulet)
HPRegen  0.18/turn              (no ring)
MPRegen  0.12/turn              (no ring)

@: brilliant, tree-form
A: negative energy resistance 1, petrification resistance, rot immunity, AC +4
a: no special abilities


You were on level 2 of the Dungeon.
You were not hungry.
You were a tree.
You visited 1 branch of the dungeon, and saw 3 of its levels.

You collected 105 gold pieces.

Inventory:

Hand Weapons
 a - a +0 short sword
 g - a +3 spear of piercing (weapon)
Armour
 c - a +0 robe (melded)
Jewellery
 k - a cursed -3 ring of protection {unknown}
Scrolls
 f - a scroll of remove curse {unknown}
 j - a scroll of noise {unknown}
 l - a scroll of identify {unknown}
 m - a scroll of immolation {unknown}
Potions
 e - a potion of degeneration
 h - 4 potions of curing
Comestibles
 d - 5 rations
 p - a chunk of flesh


   Skills:
 * Level 3.6 Fighting
 - Level 1.5 Dodging
 + Level 3.6 Stealth
 * Level 3.7 Spellcasting
   Level 0.7 Transmutations
 * Level 5.4 Earth Magic


You had 8 spell levels left.
You knew the following spells:

 Your Spells              Type           Power        Failure   Level  Hunger
a - Sandblast             Erth           #####.       1%          1    None
b - Stone Arrow           Conj/Erth      ####..       1%          3    ###....

Your spell library contained the following spells:

 Spells                   Type           Power        Failure   Level  Hunger
 Confuse                  Hex            ###.....     4%          3    ###....
 Confusing Touch          Hex            ###...       1%          1    None
 Passwall                 Tmut/Erth      ####......   1%          2    #......
 Metabolic Englaciation   Hex/Ice        ###.......   28%         5    ######.
 Lee's Rapid Deconstruct  Erth           #####.....   4%          5    ######.
 Petrify                  Tmut/Erth      ####....     3%          4    ####...
 Gell's Gravitas          Tloc           ###.......   4%          3    ###....
 Yara's Violent Unravell  Hex/Tmut       ###.......   26%         5    ######.


Dungeon Overview and Level Annotations

Branches:
Dungeon (3/15)

Altars:
Cheibriados
Makhleb
Ru

Annotations:
D:2 2 transporters


Innate Abilities, Weirdness & Mutations

You are resistant to torment.
((Your stone body is resilient. (AC +4)))
You are immune to poison.
You resist negative energy. (rN+)
((You are resistant to electric shocks. (rElec)))
((You can survive without breathing.))
You are immune to petrification.
You are immune to rotting.


Message History

You hit the orc warrior but do no damage.
The orc warrior is severely wounded.
The orc hits you but does no damage. The orc warrior hits you with a glaive!
* * * LOW HITPOINT WARNING * * *
Casting: Sandblast (safe; 1% risk of failure)
Confirm with . or Enter, or press ? or * to list all spells.
Aiming: Stone Arrow (safe; 1% risk of failure)
Press: ? - help, Shift-Dir - straight line, f/p - orc warrior
Aim: an orc warrior, wielding a glaive and wearing a chain mail (severely wounded)
The stone arrow hits the orc warrior.
The orc warrior is severely wounded.
The orc hits you but does no damage.
As you read the scroll labeled HOASEITTOPE, it crumbles to dust.
It is a scroll of enchant weapon.
Your +2 spear of piercing glows red for a moment.
The orc warrior hits you but does no damage.
As you read the scroll labeled ZARRIE VUVVEB, it crumbles to dust.
The scroll dissolves into smoke.
It was a scroll of fog.
The orc hits you but does no damage. The orc warrior hits you with a glaive!
You die...

#.# #.##.#.......#.....#
#.# #.........##.#.#.#.#
#.# #######.####.#.#.#.#
#.# #.####.#...#.# #.#
####......#..##.#
####.###
#.....#####.....#
#......# #..§..# ##.####
#.##.#.# #.§o§.# #.#
###.##.#.# #.§♣§.# #.#
....##...# #.§§o.# ###.#
....###..#######.###
#...# ##..#.......# #.#
#.### ##.......##.####.#
#.# .#.##.#..........#
#.# .#÷##.#..##.######
#.# ...##.#..##.########
#.#
.#.##.......÷......####.#


You could see an orc warrior and an orc.

Vanquished Creatures
  The ghost of Curus the Changer, an amateur MfTm (D:3)
  A centaur (D:3)
  An iguana (D:3)
  5 adders
  2 oozes
  3 worms
  A dart slug (D:1)
  A leopard gecko (D:2)
  An orc (D:3)
  A ball python (D:2)
  4 bats
  3 giant cockroaches
  4 goblins
  9 hobgoblins
  3 jackals (D:2)
  2 quokkas
  6 frilled lizards
  12 kobolds
  10 rats
70 creatures vanquished.

Notes
Turn   | Place    | Note
-------+----------+-------------------------------------------
     0 | D:1      | Jynxie the Gargoyle Earth Elementalist began the quest for the Orb.
     0 | D:1      | Reached XP level 1. HP: 10/10 MP: 3/3
     2 | D:1      | Noticed a demigod
     2 | D:1      | Noticed a gargoyle
     4 | D:1      | Noticed a demonspawn
     6 | D:1      | Noticed a minotaur
     6 | D:1      | Noticed a naga
     8 | D:1      | Noticed a merfolk
     8 | D:1      | Noticed a human
    10 | D:1      | Noticed a dwarf
    12 | D:1      | Noticed a troll
    12 | D:1      | Noticed an octopode
    14 | D:1      | Noticed a formicid
    14 | D:1      | Noticed an elf
    16 | D:1      | Noticed a felid
    18 | D:1      | Noticed a halfling
    20 | D:1      | Noticed a centaur
    20 | D:1      | Noticed a tengu
    22 | D:1      | Noticed a draconian
    22 | D:1      | Noticed a ghoul
    24 | D:1      | Noticed a spriggan
    24 | D:1      | Noticed a vine stalker
    27 | D:1      | Noticed a vampire
    27 | D:1      | Noticed an ogre
   262 | D:1      | Reached XP level 2. HP: 16/16 MP: 1/5
   390 | D:1      | Reached skill level 1 in Fighting
   437 | D:1      | Reached skill level 4 in Earth Magic
   643 | D:1      | Reached XP level 3. HP: 20/20 MP: 2/6
  1467 | D:2      | Reached XP level 4. HP: 21/26 MP: 1/8
  1728 | D:2      | Found a sacrificial altar of Ru.
  1985 | D:2      | Found a transporter.
  1987 | D:2      | Noticed a bullfrog
  1988 | D:2      | Found a transporter.
  2001 | D:2      | Found a snail-covered altar of Cheibriados.
  2007 | D:2      | Noticed a big kobold
  2114 | D:2      | Found a burning altar of Makhleb.
  2114 | D:2      | Noticed a green death
  2117 | D:2      | Noticed a ynoxinul
  2117 | D:2      | Noticed a ynoxinul
  2319 | D:3      | Reached XP level 5. HP: 15/31 MP: 1/9
  2508 | D:3      | Noticed a centaur
  2513 | D:3      | Killed a centaur
  2513 | D:3      | Reached skill level 5 in Earth Magic
  2578 | D:3      | Noticed Curus's ghost (amateur MfTm)
  2584 | D:3      | Killed Curus's ghost
  2584 | D:3      | Reached XP level 6. HP: 34/37 MP: 0/11
  2679 | D:3      | Learned a level 3 spell: Stone Arrow
  3057 | D:3      | Noticed an orc warrior
  3375 | D:2      | Slain by an orc warrior

Vault maps used:
D:1:      kb_arrival_jail
D:2:      gammafunk_temple_overflow_arena, old_standard_altar,
          makhleb_altar_promises_db, kennysheep_generic_room_2

Skill      XL: |  1  2  3  4  5 |
---------------+----------------+-----
Fighting       | 1 2 3 |  3.6
Earth Magic    | 4 5 |  5.4
Stealth        | 3 |  3.6
Spellcasting   | 3 |  3.7
Dodging        | |  1.5
Transmutations | |  0.7

Action                   |  1- 3 |  4- 6 || total
-------------------------+-------+-------++-------
Melee: Short sword       |    21 |    14 ||    35
       Spear             |       |     8 ||     8
Throw: Stone             |     2 |       ||     2
 Cast: Sandblast         |    46 |    57 ||   103
       Stone Arrow       |       |    14 ||    14
  Use: Potion            |     1 |     4 ||     5
       Scroll            |       |     2 ||     2
 Stab: Sleeping          |     2 |     2 ||     4
  Eat: Chunk             |     2 |     2 ||     4
       Ration            |       |     2 ||     2
Armor: Robe              |     7 |    15 ||    22
       Skin              |       |    14 ||    14
Dodge: Dodged            |    25 |    31 ||    56

Table legend:
 A = Spawn XP
 B = Non-spawn XP
 C = Spawn XP percentage of total XP
 D = Spawn monster count
 E = Non-spawn monster count
 F = Spawn count percentage of total count
 G = Total turns spent on level
                    A         B        C        D         E        F      G
               +---------+---------+-------+---------+---------+-------+---------
         Total |       0 |     509 |   0.0 |       0 |      70 |   0.0 |  3375
               +---------+---------+-------+---------+---------+-------+---------
           D:1 |       0 |      37 |   0.0 |       0 |      23 |   0.0 |  1124
           D:2 |       0 |      98 |   0.0 |       0 |      31 |   0.0 |  1468
           D:3 |       0 |     374 |   0.0 |       0 |      16 |   0.0 |   783
               +---------+---------+-------+---------+---------+-------+---------
